 Dungeon Crawl Stone Soup version 0.27.0-1-g7a089689b8 (webtiles) character file.

Game seed: 3699478432747937675

4456 Gwenloh the Thaumaturge (level 10, -2/76 HPs)
             Began as a Djinni Conjurer on Aug 3, 2021.
             Was a Follower of Makhleb.
             Slain by a troll (10 damage)
             ... on level 9 of the Dungeon.
             The game lasted 00:45:47 (12192 turns).

Gwenloh the Thaumaturge (Djinni Conjurer)          Turns: 12192, Time: 00:45:47

Health: -2/76      AC:  7    Str:  6    XL:     10   Next: 63%
Gold:   351        EV: 12    Int: 21    God:    Makhleb [*.....] SH:  5 Dex: 14

rFire    + + .     SeeInvis .   p - +2 dagger (venom)
rCold    x . .     Faith    .   f - +0 buckler
rNeg     . . .     Spirit   .   d - +0 steam dragon scales
rPois    ∞         Reflect  .   (no helmet)
rElec    .         Harm     .   (no cloak)
rCorr    .         Rampage  .   E - +1 pair of gloves
Will     +....                  (boots unavailable)
Stlth    ++........             (no amulet)
HPRegen  0.22/turn              (no ring)
MPRegen  0.00/turn              (no ring)

@: flying
A: sickness immunity, fire resistance 2, cold vulnerability 1, float, innate
caster, hp casting, extra vitality 1
a: Renounce Religion


You were on level 9 of the Dungeon.
You worshipped Makhleb.
Makhleb was aware of your devotion.
You visited 2 branches of the dungeon, and saw 10 of its levels.
You also visited: Ossuary.

You collected 351 gold pieces.

Inventory:

Hand Weapons
 p - a +2 dagger of venom (weapon)
Armour
 d - +0 steam dragon scales (worn)
 f - a +0 buckler (worn)
 E - a +1 pair of gloves (worn)
Magical Staves
 g - a staff of fire
Wands
 a - a wand of mindburst (7)
 m - a wand of flame (23)
 C - a wand of polymorph (6)
Scrolls
 c - 5 scrolls of teleportation
 h - 2 scrolls of magic mapping
 i - 2 scrolls of fog
 j - 5 scrolls of vulnerability
 k - 3 scrolls of enchant weapon
 t - 3 scrolls of blinking
 v - a scroll of silence
 y - a scroll of summoning {unknown}
 z - 2 scrolls of enchant armour {unknown}
 A - 2 scrolls of fear {unknown}
Potions
 b - a potion of brilliance {unknown}
 e - 2 potions of berserk rage {unknown}
 l - 7 potions of curing {unknown}
 n - 4 potions of heal wounds {unknown}
 o - 2 potions of flight {unknown}
 q - 2 potions of might {unknown}
 r - a potion of haste {unknown}
 s - 3 potions of mutation {unknown}
 u - 3 potions of resistance {unknown}
 w - a potion of magic {unknown}
 x - 2 potions of attraction {unknown}
 D - a potion of ambrosia {unknown}


   Skills:
 + Level 7.8 Fighting
 + Level 3.6 Armour
 - Level 2.1 Dodging
 - Level 1.5 Stealth
 - Level 4.0 Shields
 * Level 9.3 Spellcasting


You had 5 spell levels left.
You knew the following spells:

 Your Spells              Type           Power      Damage    Failure   Level
a - Magic Dart            Conj           100%       1d8       1%          1
b - Searing Ray           Conj           96%        3d7       1%          2
c - Dazzling Flash        Conj/Hex       96%        N/A       1%          3
d - Fulminant Prism       Conj/Hex       24%        3d13      1%          4
e - Iskenderun's Mystic   Conj/Tloc      48%        2d11      1%          4
f - Freeze                Ice            100%       1d11      1%          1
g - Passwall              Tmut/Erth      40%        N/A       1%          2
h - Blink                 Tloc           N/A        N/A       1%          2
i - Tukima's Dance        Hex            48%        N/A       1%          3
Your spell library was empty.

Dungeon Overview and Level Annotations

Branches:
Dungeon (9/15)             Temple (1/1) D:6         Ossuary (visited)
   Lair: D:8-11         Orc: D:9-12

Altars:
Ashenzari
Cheibriados
Dithmenos
Elyvilon
Fedhas
Gozag
Hepliaklqana
Makhleb
Qazlal
Ru
Sif Muna
Trog
Uskayaw
Vehumet
Wu Jian
Xom
Yredelemnul
Zin
The Shining One

Shops:
D:6 (:!


Innate Abilities, Weirdness & Mutations

You are immune to sickness and miasma.
You are immune to poison.
Your flesh is very heat resistant. (rF++)
You are vulnerable to cold. (rC-)
You float through the air rather than walking.
You learn spells naturally, not from books.
Your magical power is your life essence.
You have superior vitality. (+4 HP)


Message History

Makhleb accepts your kill.
You finish channeling your searing ray.
There is a stone staircase leading up here.
You fly upwards.
There is a stone staircase leading down here.
You start resting.
HP restored.
You fly downwards.
You hear the roar of battle.
There is an entrance to a bailey on this level.
Hurry and find it before the portal closes forever!
You hear the creaking of a distant portcullis.
The troll bites you! The troll claws you but does no damage.
You block the troll's attack.
There is a stone staircase leading up here.
Casting: Searing Ray (safe; 1% risk of failure)
Confirm with . or Enter, or press ? or * to list all spells.
You erupt in a blast of force!
The mystic blast hits the troll!
The troll is moderately wounded.
The troll is knocked back by the mystic blast.
Casting: Iskenderun's Mystic Blast (dangerous; 1% risk of failure)
Confirm with . or Enter, or press ? or * to list all spells.
Aiming: Searing Ray (safe; 1% risk of failure)
Press: ? - help, Shift-Dir - straight line, f - troll
Aim: a troll (lightly wounded, 83% to hit)
The searing ray hits the troll!
The troll is heavily wounded. (Press . to maintain the ray.)
The troll bites you! The troll claws you!
The troll claws you but does no damage.
The searing ray hits the troll!
The troll is severely wounded.
The troll bites you!
* * * LOW HITPOINT WARNING * * *
The troll closely misses you. The troll claws you!
* * * LOW HITPOINT WARNING * * *
The searing ray hits the troll!
The troll is almost dead.
* * * LOW HITPOINT WARNING * * *
The troll misses you. The troll claws you!
You die...

*******###############
,,,,,,,#.............#
,,,,,,,#.............#
,,,,,,,#........T....# ***
,,,,,,,+........@....# *,,
,,,,,,,##...##########*** *,,
,,,,,,,*#...#*****,,**,,** *,,
,,,,........†......,,,,,,* *,,
,,,,...............,,,,,,* *,,
,,,,...##...######.***,,*******,,
,,,,..,*#...#*,,**,***,,,,,,,,,,,
,,,,.,,,.....,,,,,,,,,,,,,*****,,
,,,,,,,......,,,,,,,,,,,,,* *,,


You could see a troll.

Vanquished Creatures
  Maggie (D:8)
  A hornet (D:9)
  2 wyverns
  Menkaure (Ossuary)
  Edmund (D:5)
  A water moccasin (D:6)
  3 orc warriors
  2 sky beasts
  2 ice beasts (D:7)
  A necrophage (D:7)
  2 ogres
  A phantom (D:5)
  2 centaurs (D:7)
  5 bullfrogs
  A gnoll sergeant (D:5)
  3 scorpions
  2 wyvern skeletons (D:5)
  3 electric eels
  A howler monkey (D:5)
  6 centaur zombies
  4 hounds
  4 orc priests
  2 jellies
  A centaur skeleton (D:7)
  A bullfrog skeleton (D:5)
  3 iguanas (D:7)
  4 orc wizards
  A killer bee zombie (D:8)
  An ogre zombie (Ossuary)
  A hound zombie (D:5)
  A hound skeleton (D:4)
  7 mummies
  4 gnolls
  7 adders
  A white imp (D:5)
  An ufetubus (D:7)
  An adder skeleton (D:5)
  3 adder zombies (Ossuary)
  2 worms
  4 dart slugs
  21 orcs
  2 endoplasms
  6 giant cockroaches
  6 goblins
  4 hobgoblins
  6 jackals
  3 quokkas
  8 ball pythons
  9 bats
  3 frilled lizards
  7 goblin zombies (Ossuary)
  3 hobgoblin zombies (Ossuary)
  8 kobolds
  3 kobold zombies (Ossuary)
  An orc zombie (Ossuary)
  5 quokka zombies (Ossuary)
  12 rats
  3 rat zombies (Ossuary)
204 creatures vanquished.

Vanquished Creatures (others)
  A gnoll shaman (D:7)
  An orc (D:7)
  10 fulminant prisms
  7 plants (D:7)
19 creatures vanquished.

Grand Total: 223 creatures vanquished

Notes
Turn   | Place    | Note
-------+----------+-------------------------------------------
     0 | D:1      | Gwenloh the Djinni Conjurer began the quest for the Orb.
     0 | D:1      | Reached XP level 1. HP: 15/15 MP: 0/0
   133 | D:1      | Reached XP level 2. HP: 10/22 MP: 0/0
   560 | D:1      | Reached skill level 1 in Fighting
   854 | D:1      | Reached XP level 3. HP: 14/27 MP: 0/0
   854 | D:1      | Learned a level 1 spell: Freeze
  1830 | D:2      | Reached XP level 4. HP: 31/32 MP: 0/0
  1884 | D:2      | Reached skill level 1 in Shields
  1932 | D:2      | Reached skill level 4 in Spellcasting
  2290 | D:2      | Found an opulent altar of Gozag.
  2706 | D:3      | Reached XP level 5. HP: 33/38 MP: 0/0
  2706 | D:3      | Learned a level 2 spell: Passwall
  2927 | D:3      | Found a faded altar of an unknown god.
  3202 | D:3      | Found a white marble altar of Elyvilon.
  4179 | D:4      | Noticed a bullfrog
  4186 | D:4      | Killed a bullfrog
  4187 | D:4      | Reached XP level 6. HP: 40/45 MP: 0/0
  4903 | D:5      | Entered Level 5 of the Dungeon
  4904 | D:5      | Noticed a sky beast
  4913 | D:5      | Killed a sky beast
  4914 | D:5      | Reached XP level 7. HP: 32/50 MP: 0/0
  4914 | D:5      | Learned a level 2 spell: Blink
  5114 | D:5      | Reached skill level 5 in Spellcasting
  5396 | D:5      | Found a sand-covered staircase.
  5406 | Ossuary  | Entered an ossuary
  5767 | Ossuary  | Reached XP level 8. HP: 49/58 MP: 0/0
  6210 | Ossuary  | Noticed Menkaure
  6704 | Ossuary  | Killed Menkaure
  6705 | Ossuary  | Reached skill level 6 in Spellcasting
  7468 | D:5      | Reached skill level 5 in Fighting
  7510 | D:5      | Found a snail-covered altar of Cheibriados.
  7514 | D:5      | Noticed Edmund
  7538 | D:5      | Killed Edmund
  7539 | D:5      | Reached XP level 9. HP: 55/65 MP: 0/0
  7539 | D:5      | Learned a level 3 spell: Tukima's Dance
  7832 | D:6      | Reached skill level 7 in Spellcasting
  7947 | D:6      | Found Nuonn's Distillery.
  7948 | D:6      | Found Usicruz's Book Boutique.
  7960 | D:6      | Found Vewkacuaff's Weapon Boutique.
  8250 | D:6      | Found a staircase to the Ecumenical Temple.
  8256 | Temple   | Entered the Ecumenical Temple
  8359 | Temple   | Became a worshipper of Makhleb the Destroyer
  8746 | D:7      | Reached skill level 8 in Spellcasting
  8937 | D:7      | Found a sacrificial altar of Ru.
  9141 | D:7      | Reached skill level 1 in Armour
  9156 | D:7      | Found a shimmering altar of Xom.
  9181 | D:7      | Reached XP level 10. HP: 49/73 MP: 0/0
  9587 | D:7      | Found a bloodstained altar of Trog.
  9944 | D:7      | Found a hide-covered altar of Uskayaw.
 10635 | D:8      | Found a basalt altar of Yredelemnul.
 10712 | D:8      | Noticed Maggie
 10725 | D:8      | Killed Maggie
 10726 | D:8      | Reached skill level 9 in Spellcasting
 11202 | D:8      | Reached * piety under Makhleb
 12192 | D:9      | Slain by a troll

Illustrated notes

Levels and vault maps discovered:
D:1:      eino_arrival_tree_alley, layout_basic
D:2:      layout_basic, basic_altar, minmay_misc_feat_four_crosses
D:3:      layout_loops_ring, lemuel_crystal_altar,
          shapermc_ecumenical_altar_hornbeckon, chequers_serial_rivers_micro_e
D:4:      layout_cave_pods, old_standard_altar
D:5:      layout_loops_cross, mainiacjoe_overflow_brackets,
          gup_ossuary_entry_pyramid, uniq_edmund
D:6:      layout_cave_pools, minmay_temple_entry_nine_rooms, serial_shops, shop,
          nicolae_shop_behind_doors, shop
D:7:      layout_basic, xom_confusion_cloud, eat_drink_and_be_merry_uskayaw,
          nicolae_ru_awakened_eye, mainiacjoe_overflow_small_starburst,
          serial_bayou_crossing
D:8:      layout_basic, nicolae_sif_muna_condensation,
          yredelemnul_altar_generic, kennysheep_cluttered_room, uniq_maggie
D:9:      layout_gridville, kiku_gazebo_pond_becter,
          grunt_temple_overflow_opulence, enter_bailey_4, uniq_grum, uniq_psyche
Temple:   jpeg_temple_island

Skill      XL: |  1  2  3  4  5  6  7  8  9 10 |
---------------+-------------------------------+-----
Fighting       | 1 2 3 5 6 7 |  7.8
Shields        | 1 2 3 4 |  4.0
Spellcasting   | 4 5 6 8 9 |  9.3
Armour         | 1 3 |  3.6
Dodging        | |  2.1
Stealth        | |  1.5

Action                   |  1- 3 |  4- 6 |  7- 9 | 10-12 || total
-------------------------+-------+-------+-------+-------++-------
Melee: Unarmed           |       |     1 |     1 |       ||     2
       Dagger            |       |       |     3 |       ||     3
 Cast: Magic Dart        |    64 |    88 |    97 |    33 ||   282
       Freeze            |     4 |    11 |       |       ||    15
       Searing Ray       |     1 |     7 |    59 |    24 ||    91
       Fulminant Prism   |       |     3 |     4 |     3 ||    10
       Iskenderun's Myst |       |       |     2 |     1 ||     3
       Dazzling Flash    |       |       |     1 |     4 ||     5
       Tukima's Dance    |       |       |     1 |       ||     1
  Use: Scroll            |       |       |     6 |     3 ||     9
Armor: Robe              |     2 |     2 |    20 |     1 ||    25
       Steam dragon scal |       |       |       |     5 ||     5
Dodge: Dodged            |     9 |     3 |    55 |    17 ||    84
Block: Buckler           |       |       |     7 |     2 ||     9
